 Dungeon Crawl Stone Soup version 0.25-a0-617-g20d90ebb82 (webtiles) character file.

Game seed: 11027815784136959683, levelgen mode: deterministic

51 Envy91 the Slasher (level 3, 0/31 HPs)
             Began as a Minotaur Fighter on Mar 18, 2020.
             Slain by a giant cockroach (1 damage)
             ... on level 3 of the Dungeon.
             The game lasted 00:20:34 (1761 turns).

Envy91 the Slasher (Minotaur Fighter)               Turns: 1761, Time: 00:20:35

Health: 0/31       AC:  6    Str: 21    XL:     3   Next: 57%
Magic:  0/2        EV:  7    Int:  8    God:
Gold:   89         SH:  9    Dex:  9    Spells: 2/2 levels left

rFire    . . .     SeeInvis .   a - +0 long sword
rCold    . . .     Gourm    .   c - +0 kite shield
rNeg     . . .     Faith    .   b - +0 scale mail
rPois    .         Spirit   +   (helmet restricted)
rElec    .         Reflect  .   m - scarf {Spirit}
rCorr    .         Harm     .   (no gloves)
MR       .....                  (no boots)
Stlth    ..........             (no amulet)
HPRegen  0.10/turn              q - +3 ring of intelligence
MPRegen  0.08/turn              (no ring)

@: mighty, lethally poisoned (0 -> -3)
A: retaliatory headbutt, horns 2
a: no special abilities


You were on level 3 of the Dungeon.
You were near starving.

You visited 1 branch of the dungeon, and saw 3 of its levels.

You collected 89 gold pieces.

Inventory:

Hand Weapons
 a - a +0 long sword (weapon)
Missiles
 g - 7 poisoned darts (quivered)
 s - 13 arrows
Armour
 b - a +0 scale mail (worn)
 c - a +0 kite shield (worn)
 m - a scarf of spirit shield (worn)
 v - a +0 ring mail
Jewellery
 q - a +3 ring of intelligence (left hand)
Scrolls
 i - 4 scrolls of magic mapping
 j - 4 scrolls of identify {unknown}
 l - 5 scrolls of teleportation {unknown}
 o - a scroll of immolation {unknown}
 r - 2 scrolls of enchant weapon {unknown}
 t - a scroll of blinking {unknown}
 u - a scroll of remove curse {unknown}
Potions
 e - 2 potions of degeneration {unknown}
 h - 2 potions of stabbing {unknown}
 k - a potion of lignification {unknown}
 n - a potion of curing {unknown}
 p - 2 potions of berserk rage {unknown}
Comestibles
 f - 4 rations


   Skills:
 - Level 3.6 Fighting
 + Level 4.9 Long Blades
 - Level 3.6 Armour
 - Level 3.6 Shields


You had 2 spell levels left.
You didn't know any spells.
Your spell library was empty.

Dungeon Overview and Level Annotations

Branches:
Dungeon (3/15)

Altars:
Cheibriados


Innate Abilities, Weirdness & Mutations

You reflexively headbutt those who attack you in melee.
You have a pair of horns on your head.


Message History

* * * LOW HITPOINT WARNING * * *
You feel sick. You block the goblin's attack. You block the adder's attack.
The howler monkey hoots and howls with incredible vigour!
* * * LOW HITPOINT WARNING * * *
You feel sick. The adder closely misses you.
You riposte.
Your shield and scale mail prevent you from hitting the adder.
* * * LOW HITPOINT WARNING * * *
You feel sick. The goblin closely misses you. The adder bites you.
* * * LOW HITPOINT WARNING * * *
The howler monkey hoots and howls with incredible vigour!
The goblin hits you but does no damage.
* * * LOW HITPOINT WARNING * * *
You feel sick. The giant cockroach closely misses you.
You riposte.
You closely miss the giant cockroach.
The giant cockroach bites you but does no damage.
You block the adder's attack. The adder bites you but does no damage.
The giant cockroach bites you.
You die...

***,,,,,,,,***#.....#.##......##*
,,,,,,,,,,,* ****#...####...##*8
*,*,,******* #...###...##***
*+**** ######.#......##,**, ,,,8*
##....).#.#...##,,,+8 ,,,,*
##.......#.#^###**,**, *,,,*
#....g...>...# ***** *,,_*
#...Ss$.>..### *8 *****
#...h@......# ** ***
#.........#.#** *****,
*,*******#.........#...***,,***
*,,,,,,................**,8,,,*
*******###.........###***,,,,*+
#.........# *,,,,*+ #.........#
*,8,,,* #.........# **,,***
*,,,,,,,,,***********,


You could see a howler monkey, an adder, a giant cockroach and a goblin.

Vanquished Creatures
  An adder (D:2)
  2 oozes
  A dart slug (D:1)
  A ball python (D:2)
  6 bats
  5 goblins
  6 hobgoblins
  A quokka (D:2)
  3 frilled lizards
  A kobold (D:1)
  3 rats
30 creatures vanquished.

Notes
Turn   | Place    | Note
-------+----------+-------------------------------------------
     0 | D:1      | Envy91 the Minotaur Fighter began the quest for the Orb.
     0 | D:1      | Reached XP level 1. HP: 19/19 MP: 0/0
   225 | D:1      | Reached skill level 3 in Long Blades
   387 | D:1      | Reached XP level 2. HP: 23/26 MP: 1/1
   714 | D:2      | Found a snail-covered altar of Cheibriados.
   757 | D:2      | Reached skill level 4 in Long Blades
   922 | D:2      | Reached XP level 3. HP: 25/31 MP: 2/2
  1760 | D:3      | HP: 1/31 [poisoned by an adder]
  1761 | D:3      | Slain by a giant cockroach

Levels and vault maps discovered:
D:1:      minmay_arrival_loop, layout_basic
D:2:      layout_loops_cross, lemuel_round_altar, first_ration,
          minmay_hedge_maze, minmay_heptomino_h4
D:3:      layout_rooms, zin_angel, kiku_gazebo_garden_becter,
          lemuel_coloured_pillars_altar, lemuel_doored_altar, st_stairs_9,
          wad_orctagon

Skill      XL: |  1  2 |
---------------+-------+-----
Long Blades    | 3 4 |  4.9
Fighting       | |  3.6
Armour         | |  3.6
Shields        | |  3.6

Action                   || total
-------------------------++-------
Melee: Long sword        ||    90
       Headbutt          ||    16
  Use: Scroll            ||     1
       Potion            ||     1
  Eat: Chunk             ||     1
Armor: Scale mail        ||    32
Dodge: Dodged            ||    37
Block: Kite shield       ||    47
       Rpst.: Long sword ||    16

Table legend:
 A = Non-vault XP
 B = Vault XP
 C = Vault XP percentage of total XP
 D = Non-vault monster count
 E = Vault monster count
 F = Vault count percentage of total count
                 A         B        C        D         E       F
            +---------+---------+-------+---------+---------+-------
      Total |      54 |      19 |  26.0 |      26 |       4 |  13.3
            +---------+---------+-------+---------+---------+-------
        D:1 |      18 |       0 |   0.0 |      10 |       0 |   0.0
        D:2 |      21 |      19 |  47.5 |      10 |       4 |  28.6
        D:3 |      15 |       0 |   0.0 |       6 |       0 |   0.0
            +---------+---------+-------+---------+---------+-------
